 Dungeon Crawl Stone Soup version 0.19.4-8-ga85b6b9 (webtiles) character file.

53083 vatarom the Peltast (level 15, -29/120 HPs)
             Began as a Formicid Fighter on Feb 9, 2017.
             Was a High Priest of Yredelemnul.
             Annihilated by a wolf spider (31 damage)
             ... on level 1 of the Spider Nest on Feb 10, 2017.
             The game lasted 00:53:31 (18740 turns).

vatarom the Peltast (Formicid Fighter)             Turns: 18740, Time: 00:53:32

Health: -29/120    AC: 11    Str: 23      XL:     15   Next: 8%
Magic:  11/22      EV:  7    Int: 10 (11) God:    Yredelemnul [*****.]
Gold:   1480       SH: 14    Dex: 11      Spells: 0 memorised, 14 levels left

rFire  . . .     SeeInvis +     u - +6 bardiche (protect)
rCold  . . .     Gourm    .     H - +0 plate armour
rNeg   . . .     Faith    .     c - +1 shield
rPois  +         Spirit   .     (helmet unavailable)
rElec  .         Reflect  .     (no cloak)
rCorr  .         Harm     .     q - +1 pair of gloves
MR     ++...                    (no boots)
Stlth  ..........               e - amulet of regeneration
                                R - +3 ring of slaying
                                z - ring of poison resistance

@: heavily drained
A: permanent stasis, dig shafts and tunnels, four strong arms, antennae 3,
blurry vision 1, clumsy 1, deformed body, deterioration 1, magic resistance 1,
poison resistance, strong 1
a: Dig, Shaft Self, Recall Undead Slaves, Injury Mirror, Animate Dead, Drain
Life, Enslave Soul, Renounce Religion


You were on level 1 of the Spider Nest.
You worshipped Yredelemnul.
Yredelemnul was extremely pleased with you.
You were very full.

You visited 4 branches of the dungeon, and saw 22 of its levels.
You also visited: Labyrinth.

You collected 1579 gold pieces.
You spent 99 gold pieces at shops.

Inventory:

Hand Weapons
 u - a +6 bardiche of protection (weapon)
 F - a +2 trident
 G - the +11 short sword "Nuxusa" {freeze, +Blink rF- MR+ Int+2}
   (You took it off a minotaur in a labyrinth)

   It has been specially enchanted to freeze those struck by it, causing extra
   injury to most foes and up to half again as much damage against particularly
   susceptible opponents.
   It can also slow down cold-blooded creatures.
   It affects your intelligence (+2).
   It makes you vulnerable to fire.
   It affects your resistance to hostile enchantments.
   It lets you blink.
Armour
 c - a +1 shield (worn)
 q - a +1 pair of gloves (worn)
 v - a +4 ring mail
 H - a +0 plate armour (worn)
 W - a +0 large shield
Jewellery
 e - an amulet of regeneration (around neck)
 h - an uncursed ring of positive energy
 j - an uncursed ring of flight
 r - an uncursed ring of protection from fire
 z - a ring of poison resistance (left hand)
 R - a +3 ring of slaying (right hand)
Wands
 d - a wand of confusion (17/48)
 k - a wand of flame (36/48)
 E - a wand of lightning (5/15)
 I - a wand of slowing (25/48)
 Y - a wand of slowing (25/48)
 Z - a wand of lightning (5/15)
Scrolls
 o - 2 scrolls of fog
 p - a scroll of fear
 t - 2 scrolls of recharging
 x - 5 scrolls of amnesia
 y - 7 scrolls of remove curse
 D - 7 scrolls of identify
 L - a scroll of brand weapon
 U - 4 scrolls of magic mapping
Potions
 a - 2 potions of invisibility
 b - 5 potions of brilliance
 i - 5 potions of curing
 m - a potion of flight
 n - 4 potions of cancellation
 w - a potion of resistance
 A - 4 potions of lignification
 M - a potion of magic
 O - a potion of agility
 Q - a potion of ambrosia
Books
 C - a book of Beasts

   Spells                             Type                      Level
   a - Summon Butterflies             Summoning                    1
   b - Call Canine Familiar           Summoning                    3
   c - Summon Ice Beast               Ice/Summoning                4
   d - Summon Mana Viper              Hexes/Summoning              5
   e - Summon Hydra                   Summoning                    7
 J - a book of Misfortune

   Spells                             Type                      Level
   a - Confusing Touch                Hexes                        1
   b - Confuse                        Hexes                        3
   c - Gell's Gravitas                Hexes/Translocation          3
   d - Petrify                        Transmutation/Earth          4
   e - Metabolic Englaciation         Hexes/Ice                    5
   f - Yara's Violent Unravelling     Hexes/Transmutation          5
 K - Vaseffo's Papyrus of Stones
   (You found it in a labyrinth)

   Spells                             Type                      Level
   a - Passwall                       Transmutation/Earth          2
   b - Stone Arrow                    Conjuration/Earth            3
   c - Leda's Liquefaction            Hexes/Earth                  4
   d - Bolt of Magma                  Conjuration/Fire/Earth       5
   e - Lee's Rapid Deconstruction     Earth                        5
   f - Statue Form                    Transmutation/Earth          6
   g - Shatter                        Earth                        9
 N - a book of Geomancy

   Spells                             Type                      Level
   a - Sandblast                      Earth                        1
   b - Passwall                       Transmutation/Earth          2
   c - Stone Arrow                    Conjuration/Earth            3
   d - Petrify                        Transmutation/Earth          4
   e - Lee's Rapid Deconstruction     Earth                        5
Miscellaneous
 s - a phantom mirror
Comestibles
 f - 4 bread rations
 g - 10 fruits
 l - 6 meat rations
 B - 8 royal jellies
 P - a beef jerky


   Skills:
 - Level 12.0(10.3) Fighting
 - Level 14.1(12.3) Polearms
 - Level 10.0(8.3) Armour
 * Level 15.6(13.8) Shields
 - Level 10.3(8.7) Invocations


You had 14 spell levels left.
You didn't know any spells.

Dungeon Overview and Level Annotations

Branches:
Dungeon (14/15)            Temple (1/1) D:5            Lair (6/6) D:9
 Shoals (0/4) Lair:4       Spider (1/4) Lair:2        Slime (0/5) Lair:6
    Orc (0/2) D:10
 Vaults: D:13-14

Altars:
Ashenzari
Cheibriados
Dithmenos
Elyvilon
Fedhas
Gozag
Hepliaklqana
Kikubaaqudgha
Makhleb
Nemelex Xobeh
Okawaru
Qazlal
Ru
Sif Muna
Trog
Uskayaw
Vehumet
Xom
Yredelemnul
Zin
The Shining One
Jiyva

Shops:
D:6 !   D:14 (

Annotations:
D:11 1 runed door
D:14 Frances; WereVolvo's ghost, journeyman DECj


Innate Abilities, Weirdness & Mutations

You are under a permanent stasis effect.
You can dig through walls and to a lower floor.
Your four strong arms can wield two-handed weapons with a shield.
You have a pair of large antennae on your head. (SInv)
Scrolls take you a little longer to read.
You are clumsy. (Dex -2)
Armour fits poorly on your strangely shaped body.
Your body sometimes deteriorates upon taking damage.
You are resistant to hostile enchantments. (MR+)
Your system is resistant to poisons. (rPois)
Your muscles are strong. (Str +2)


Message History

* * * LOW HITPOINT WARNING * * *
You block the jumping spider's attack.
The jumping spider bites you but does no damage.
The redback bites you!
* * * LOW HITPOINT WARNING * * *
You block the wolf spider's attack. x2; The jumping spider pounces on you.
* * * LOW HITPOINT WARNING * * *
The jumping spider barely misses you.
Unknown command.
The jumping spider pounces on you!
* * * LOW HITPOINT WARNING * * *
You block the jumping spider's attack.
The redback moves out of view.
The wolf spider hits you.
* * * LOW HITPOINT WARNING * * *
You block the wolf spider's attack.
The jumping spider pounces on you but does no damage.
The jumping spider bites you but does no damage.
The wolf spider hits you!!
You die...
Your body rises from the dead as a mindless zombie.

####.###..#.Z.## #
#.≈...##..###..## .#
..##..#..###....# ####...
...#......##..#####......#
........#..#..####......s.
#.#..#..#.##.....#s^##
###########..#..##ys≈# ###
#.###.##..ss#≈# ## ..##
###...###..@s#≈≈###≈≈
...###.#....##..##s#≈≈≈≈≈
####......###....≈#s≈#≈##
#.###......########≈#^##
......####..#.##..##s..#
.##..###....#..##.{..###
.#....###.....##...Z.#.##
###.#...#.#...#..{##....#
.####.^#####..##..###...##


You could see a wolf spider (berserk), a moth of wrath, an orb spider, 3 jumping
spiders and 2 redbacks.

Vanquished Creatures
  The ghost of Xiguana the Brawler, an adept DrCK of Xom (Spider:1)
  A minotaur (Lab)
  Josephine (Spider:1)
  3 hydras
  The ghost of Agrougrou the Basher, a novice OgFi of Okawaru (D:10)
  A catoblepas (Lair:3)
  Urug (Lair:3)
  An unseen horror (D:13)
  2 wolf spiders (Spider:1)
  2 ugly things
  2 cyclopes
  An elephant (Lair:2)
  Maurice (D:9)
  A guardian serpent (Lair:6)
  7 black mambas
  A gargoyle (D:11)
  6 torpor snails
  10 spiny frogs
  3 rime drakes (Lair:4)
  2 komodo dragons (Lair:6)
  A demonic crawler (Spider:1)
  4 trolls
  A jumping spider (Spider:1)
  A tyrant leech (Lair:6)
  A polar bear (Lair:4)
  A queen bee (D:8)
  7 hornets (Lair:6)
  3 blink frogs (Lair:1)
  Grinder (D:6)
  6 hippogriffs
  6 redbacks
  2 tarantellas (Spider:1)
  8 wyverns
  4 wraiths (Spider:1)
  29 yaks
  2 basilisks (Lair:2)
  2 hungry ghosts
  14 water moccasins
  5 porcupines
  5 ice beasts
  4 orc warriors
  4 sky beasts
  4 slaves
  A necrophage (D:8)
  An eye of draining (D:13)
  2 black bears
  A phantom (D:5)
  7 wolves
  An ogre (D:9)
  2 centaurs
  4 crocodiles
  6 bullfrogs
  A gnoll sergeant (D:9)
  A scorpion (D:12)
  28 killer bees
  An electric eel (Lair:2)
  10 wights
  2 howler monkeys (D:10)
  The ghost of TryAgain the Sneak, a weakling OpAs (D:3)
  2 crimson imps
  2 centaur zombies (D:12)
  2 hounds
  4 jellies
  2 lava snakes (D:9)
  A quasit (D:12)
  2 bullfrog zombies
  5 orc priests
  4 centaur skeletons
  5 orc wizards
  A bullfrog skeleton (D:8)
  4 iguanas
  11 worker ants
  A killer bee zombie (D:7)
  A worker ant zombie (D:6)
  12 adders
  10 gnolls
  A river rat (Lair:6)
  2 shadow imps
  An adder skeleton (D:4)
  2 worms
  2 dart slugs
  9 leopard geckos
  36 orcs
  9 giant cockroaches
  9 goblins
  5 hobgoblins
  23 jackals
  12 kobolds
  2 quokkas
  2 ball pythons
  10 bats
  A frilled lizard (D:1)
  4 rats
431 creatures vanquished.

Vanquished Creatures (collateral kills)
  A fire dragon (Lair:6)
  Snorg (D:12)
  Fannar (D:11)
  4 hydras
  2 slime creatures (D:12)
  A lindwurm (Lair:6)
  Pikel (D:6)
  2 wolf spiders
  An orb spider (Spider:1)
  A torpor snail (Lair:6)
  4 black mambas
  A gargoyle (D:11)
  12 spiny frogs
  3 komodo dragons
  A rime drake (Lair:2)
  A queen bee (Lair:2)
  3 tyrant leeches (Lair:6)
  2 hippogriffs
  2 jumping spiders (Spider:1)
  4 hornets (Lair:6)
  2 blink frogs (Lair:1)
  A redback (Lair:6)
  A shadow (D:10)
  10 yaks
  A wraith (D:12)
  4 wyverns
  Grum (D:11)
  Menkaure (D:6)
  10 water moccasins
  3 porcupines
  An ogre (D:10)
  7 wolves
  A centaur (D:11)
  4 crocodiles
  5 bullfrogs
  3 scorpions
  26 killer bees
  7 wights
  An electric eel (Spider:1)
  2 howler monkeys (D:6)
  2 crimson imps
  A centaur zombie (D:9)
  A hound (D:7)
  3 jellies
  2 orc wizards
  5 worker ants
  A howler monkey zombie (D:7)
  A gnoll (D:8)
  An ooze (Lair:6)
  A leopard gecko (D:10)
  14 orcs
  3 giant cockroaches (D:11)
  A jackal (D:10)
  A jackal skeleton (D:8)
  4 butterflies (D:11)
  5 fungi
  10 plants
195 creatures vanquished.

Vanquished Creatures (others)
  A skeletal warrior (D:12)
  A flayed ghost (D:12)
  A phantasmal warrior (D:12)
  3 wolf spider zombies (Spider:1)
  4 redback zombies (Spider:1)
  A demonic crawler zombie (Spider:1)
  2 jumping spider zombies (Spider:1)
  A fire dragon zombie (Lair:6)
  A guardian serpent zombie (Lair:6)
  A tarantella zombie (Spider:1)
  8 flying skulls
  4 black mamba zombies
  2 vampires
  5 wraiths
  A tyrant leech zombie (Lair:6)
  3 spiny frog zombies
  An orb spider zombie (Spider:1)
  A human skeleton (Spider:1)
  5 hornet zombies (Lair:6)
  A blink frog zombie (Lair:1)
  A torpor snail zombie (Spider:1)
  A rime drake zombie (Lair:4)
  A cyclops zombie (D:12)
  8 water moccasin zombies
  7 wyvern zombies
  5 yak zombies
  A wight (Lair:2)
  2 wolf zombies
  4 bullfrog zombies
  A basilisk zombie (Lair:2)
  2 crocodile zombies
  21 killer bee zombies
  A sky beast zombie (D:8)
  A hound zombie (D:7)
  A necrophage skeleton (D:8)
  A mummy (D:9)
  2 howler monkey zombies (D:10)
  6 worker ant zombies
  A scorpion zombie (D:12)
  4 adder zombies
  An iguana zombie (D:9)
  3 orcs (D:7)
  2 gnoll zombies (D:9)
  A river rat zombie (Lair:6)
  12 orc zombies
  A quokka zombie (D:8)
  10 fungi
  24 plants
172 creatures vanquished.

Grand Total: 798 creatures vanquished

Notes
Turn   | Place    | Note
-------+----------+-------------------------------------------
     0 | D:1      | vatarom the Formicid Fighter began the quest for the Orb.
     0 | D:1      | Reached XP level 1. HP: 18/18 MP: 1/1
    77 | D:1      | Reached XP level 2. HP: 17/24 MP: 2/2
   523 | D:1      | Reached XP level 3. HP: 29/29 MP: 3/3
  1257 | D:2      | Reached XP level 4. HP: 35/35 MP: 4/4
  1261 | D:2      | Reached skill level 4 in Shields
  2073 | D:3      | Found a hazy altar of Hepliaklqana.
  2075 | D:3      | Found a shimmering altar of Xom.
  2075 | D:3      | Noticed a soldier ant
  2076 | D:3      | Noticed a spectral ugly thing
  2076 | D:3      | Noticed a soldier ant
  2248 | D:3      | Reached XP level 5. HP: 41/41 MP: 5/5
  2250 | D:3      | Noticed TryAgain's ghost (weakling OpAs)
  2278 | D:3      | Killed TryAgain's ghost
  2278 | D:3      | Reached skill level 5 in Shields
  2391 | D:3      | Reached XP level 6. HP: 44/47 MP: 6/6
  2563 | D:3      | Found a glowing golden altar of the Shining One.
  2933 | D:4      | Noticed a slave
  2934 | D:4      | Noticed a slave
  2934 | D:4      | Noticed a slave
  2936 | D:4      | Noticed Pikel
  3021 | D:3      | Killed a slave
  3225 | D:4      | Reached skill level 6 in Shields
  3325 | D:3      | Killed a slave
  3397 | D:4      | Killed a slave
  3407 | D:4      | Noticed a slave
  3432 | D:4      | Killed a slave
  3912 | D:5      | Entered Level 5 of the Dungeon
  3924 | D:5      | Noticed a sky beast
  3936 | D:5      | Killed a sky beast
  3936 | D:5      | Reached skill level 5 in Polearms
  3936 | D:5      | Reached XP level 7. HP: 24/52 MP: 7/7
  3999 | D:5      | Reached skill level 7 in Shields
  4003 | D:5      | Gained mutation: Scrolls take you a little longer to read. [mutagenic meat]
  4004 | D:5      | Gained mutation: Your flesh is cold resistant. (rC+) [mutagenic meat]
  4006 | D:5      | Gained mutation: Your spells are a little easier to cast, but a little less powerful. [mutagenic meat]
  4007 | D:5      | Gained mutation: You are agile. (Dex +2) [mutagenic meat]
  4058 | D:5      | Found a staircase to the Ecumenical Temple.
  4081 | Temple   | Entered the Ecumenical Temple
  4140 | Temple   | Became a worshipper of Yredelemnul the Dark
  4329 | D:5      | Reached skill level 1 in Invocations
  4455 | D:5      | Noticed a water moccasin
  4467 | D:5      | Killed a water moccasin
  4467 | D:5      | Reached XP level 8. HP: 24/60 MP: 9/9
  4695 | D:5      | Found a sparkling altar of Nemelex Xobeh.
  4695 | D:5      | Found an opulent altar of Gozag.
  4751 | D:5      | Reached skill level 5 in Armour
  4919 | D:5      | Found a shadowy altar of Dithmenos.
  4945 | D:6      | Found Ydul's Distillery.
  4961 | D:6      | Bought a potion of curing for 33 gold pieces
  4961 | D:6      | Bought a potion of curing for 33 gold pieces
  4961 | D:6      | Bought a potion of curing for 33 gold pieces
  4967 | D:6      | Noticed Grinder
  4988 | D:6      | Killed Grinder
  5008 | D:6      | Reached * piety under Yredelemnul
  5061 | D:6      | Found a shattered altar of Ashenzari.
  5098 | D:6      | Noticed Menkaure
  5305 | D:6      | Killed Menkaure
  5305 | D:6      | Reached skill level 5 in Fighting
  5373 | D:6      | Killed Pikel
  5373 | D:6      | Reached XP level 9. HP: 64/69 MP: 10/12
  5441 | D:6      | Reached skill level 5 in Invocations
  5596 | D:7      | Noticed a hippogriff
  5608 | D:7      | Killed a hippogriff
  5775 | D:7      | Found an iron altar of Okawaru.
  5828 | D:7      | Found a radiant altar of Vehumet.
  5979 | D:7      | Found a blossoming altar of Fedhas.
  6079 | D:7      | Gained mutation: You are resistant to hostile enchantments. (MR+) [potion of beneficial mutation]
  6179 | D:7      | Found a sacrificial altar of Ru.
  6539 | D:8      | HP: 3/71 [orc priest/divine providence (7)]
  6547 | D:8      | Reached ** piety under Yredelemnul
  6556 | D:8      | Reached XP level 10. HP: 28/77 MP: 14/14
  7089 | D:8      | Found a faded altar of an unknown god.
  7089 | D:8      | Found a hide-covered altar of Uskayaw.
  7822 | D:8      | Found an iron altar of Okawaru.
  7824 | D:8      | Found a faded altar of an unknown god.
  7825 | D:8      | Found a deep blue altar of Sif Muna.
  7958 | D:9      | Reached *** piety under Yredelemnul
  8110 | D:9      | Received a gift from Yredelemnul (a mummy)
  8142 | D:9      | Found a staircase to the Lair.
  8232 | D:9      | Noticed Maurice
  8260 | D:9      | Killed Maurice
  8278 | D:9      | Reached XP level 11. HP: 76/84 MP: 16/18
  8442 | D:9      | Lost mutation: Your flesh is cold resistant. (rC+) [potion of cure mutation]
  8442 | D:9      | Lost mutation: Your spells are a little easier to cast, but a little less powerful. [potion of cure mutation]
  8442 | D:9      | Lost mutation: You are agile. (Dex +2) [potion of cure mutation]
  8508 | D:10     | Entered Level 10 of the Dungeon
  8599 | D:10     | Noticed Agrougrou's ghost (novice OgFi)
  8657 | D:10     | Killed Agrougrou's ghost
  8657 | D:10     | Reached skill level 10 in Invocations
  8772 | D:10     | Reached skill level 10 in Polearms
  8977 | D:10     | Received a gift from Yredelemnul (4 flying skulls)
  9271 | D:10     | Found a staircase to the Orcish Mines.
  9548 | D:11     | Found a labyrinth entrance.
  9590 | Lab      | Entered a labyrinth
  9758 | Lab      | Noticed a minotaur
  9763 | Lab      | Killed a minotaur
  9766 | Lab      | Got a brightly glowing short sword {freeze}
  9788 | Lab      | Identified the +11 short sword "Nuxusa" {freeze, +Blink rF- MR+ Int+2} (You took it off a minotaur in a labyrinth)
  9793 | Lab      | Identified Vaseffo's Papyrus of Stones
  9834 | D:11     | Noticed Grum
  9852 | D:11     | Killed Grum
  9933 | D:11     | Found a runed door.
  9939 | D:11     | Found a runed door.
  9950 | D:11     | Received a gift from Yredelemnul (a wraith)
  9975 | D:11     | Noticed Fannar
 10063 | D:11     | Killed Fannar
 10207 | D:11     | Received a gift from Yredelemnul (a wraith)
 10599 | D:11     | Noticed a red ugly thing
 10606 | D:11     | Killed a red ugly thing
 10606 | D:11     | Reached XP level 12. HP: 62/91 MP: 19/19
 10703 | Lair:1   | Entered Level 1 of the Lair of Beasts
 10856 | Lair:1   | HP: 2/91 [wolf (4)]
 11315 | Lair:1   | Noticed a seven-headed hydra
 11323 | Lair:1   | Killed a seven-headed hydra
 11852 | Lair:2   | Received a gift from Yredelemnul (2 flying skulls)
 11964 | Lair:2   | Received a gift from Yredelemnul (a wraith)
 11994 | Lair:2   | Reached **** piety under Yredelemnul
 12060 | Lair:2   | Noticed a five-headed hydra
 12068 | Lair:2   | Killed a five-headed hydra
 12127 | Lair:2   | Reached skill level 8 in Shields
 12298 | Lair:2   | Received a gift from Yredelemnul (a wight)
 12411 | Lair:2   | Reached XP level 13. HP: 79/99 MP: 18/20
 12457 | Lair:2   | Reached skill level 9 in Shields
 12559 | Lair:2   | Received a gift from Yredelemnul (a wraith)
 12613 | Lair:2   | Found a hole to the Spider Nest.
 12703 | Lair:3   | Noticed an eight-headed hydra
 12750 | Lair:3   | Noticed Urug
 12765 | Lair:3   | Killed Urug
 12898 | Lair:3   | Killed an eight-headed hydra
 13140 | Lair:3   | Noticed a catoblepas
 13148 | Lair:3   | Killed a catoblepas
 13148 | Lair:3   | Reached skill level 10 in Shields
 13166 | Lair:3   | Noticed a five-headed hydra
 13173 | Lair:3   | Killed a five-headed hydra
 13677 | Lair:4   | Reached skill level 10 in Fighting
 13848 | Lair:4   | Received a gift from Yredelemnul (a skeletal warrior)
 14068 | Lair:4   | Found a staircase to the Shoals.
 14177 | Lair:4   | Reached skill level 11 in Shields
 14781 | Lair:5   | Received a gift from Yredelemnul (a phantasmal warrior)
 15162 | Lair:6   | Entered Level 6 of the Lair of Beasts
 15234 | Lair:6   | Noticed a seven-headed hydra
 15246 | Lair:6   | Killed a seven-headed hydra
 15249 | Lair:6   | Reached ***** piety under Yredelemnul
 15317 | Lair:6   | Reached skill level 12 in Shields
 15362 | Lair:6   | Received a gift from Yredelemnul (a vampire)
 15397 | Lair:6   | Reached XP level 14. HP: 108/113 MP: 21/21
 15439 | Lair:6   | Identified a scroll of acquirement
 15640 | Lair:6   | Reached skill level 13 in Shields
 15646 | Lair:6   | Found a runed door.
 15760 | Lair:6   | Received a gift from Yredelemnul (2 flying skulls)
 16177 | Lair:6   | Found a runed door.
 16177 | Lair:6   | Found a viscous altar of Jiyva.
 16177 | Lair:6   | Found a staircase to the Slime Pits.
 16812 | D:12     | Gained mutation: Armour fits poorly on your strangely shaped body. [potion of mutation]
 16812 | D:12     | Gained mutation: You are clumsy. (Dex -2) [potion of mutation]
 16841 | D:12     | Received a gift from Yredelemnul (a flayed ghost)
 16860 | D:12     | Reached skill level 14 in Shields
 16980 | D:12     | Noticed Snorg
 16994 | D:12     | Killed Snorg
 17166 | D:12     | Reached skill level 10 in Armour
 17166 | D:12     | Received a gift from Yredelemnul (a vampire)
 17371 | D:13     | Gained mutation: Your body sometimes deteriorates upon taking damage. [potion of mutation]
 17371 | D:13     | Gained mutation: Your system is resistant to poisons. (rPois) [potion of mutation]
 17371 | D:13     | Gained mutation: Your muscles are strong. (Str +2) [potion of mutation]
 17968 | D:14     | Found Asupp's Antique Weapon Shop.
 17969 | D:14     | Noticed Frances
 17975 | D:14     | Noticed WereVolvo's ghost (journeyman DECj)
 18214 | Spider:1 | Entered Level 1 of the Spider Nest
 18335 | Spider:1 | Noticed Josephine
 18337 | Spider:1 | Noticed Xiguana's ghost (adept DrCK)
 18341 | Spider:1 | Killed Josephine
 18341 | Spider:1 | Reached skill level 15 in Shields
 18341 | Spider:1 | Received a gift from Yredelemnul (a wraith)
 18418 | Spider:1 | Killed Xiguana's ghost
 18418 | Spider:1 | Reached XP level 15. HP: 12/120 MP: 19/22
 18738 | Spider:1 | Your ally Josephine died
 18740 | Spider:1 | HP: 2/120 [wolf spider (5)]
 18740 | Spider:1 | Annihilated by a wolf spider

Skill      XL: |  1  2  3  4  5  6  7  8  9 10 11 12 13 14 |
---------------+-------------------------------------------+-----
Polearms       | 3 4 5 6 8 12 14 | 14.1
Shields        | 4 5 6 7 8 12 15 | 15.6
Invocations    | 2 4 6 9 10 | 10.3
Armour         | 4 7 10 | 10.0
Fighting       | 5 6 7 8 11 12 | 12.0

Action                   |  1- 3 |  4- 6 |  7- 9 | 10-12 | 13-15 || total
-------------------------+-------+-------+-------+-------+-------++-------
Melee: Trident           |   145 |   360 |   388 |   701 |       ||  1594
       Glaive            |       |       |       |    20 |       ||    20
       Halberd           |       |       |       |   209 |   227 ||   436
       Short sword       |       |       |       |   115 |    20 ||   135
       Bardiche          |       |       |       |       |   275 ||   275
Invok: Animate Remains   |       |       |    11 |    17 |       ||    28
       Animate Dead      |       |       |       |    45 |    65 ||   110
       Recall Undead Sla |       |       |       |    11 |    20 ||    31
       Injury Mirror     |       |       |       |     4 |     3 ||     7
       Drain Life        |       |       |       |     1 |     6 ||     7
 Abil: Dig               |       |       |     2 |     6 |     1 ||     9
  Use: Scroll            |     4 |     7 |     1 |     3 |    10 ||    25
       Potion            |     3 |     5 |     8 |    12 |     8 ||    36
 Stab: Distracted        |       |       |     1 |     9 |     6 ||    16
  Eat: Chunk             |     1 |     5 |     7 |     2 |       ||    15
       Meat ration       |       |     1 |       |     5 |     5 ||    11
       Bread ration      |       |       |     4 |       |     2 ||     6
       Royal jelly       |       |       |       |     4 |     5 ||     9
       Fruit             |       |       |       |     1 |     2 ||     3
       Beef jerky        |       |       |       |     1 |       ||     1
       Pizza             |       |       |       |       |     2 ||     2
Armor: Scale mail        |    67 |    83 |    22 |       |       ||   172
       Leather armour    |       |     3 |     7 |       |       ||    10
       Ring mail         |       |       |    56 |   253 |    79 ||   388
       Skin              |       |       |       |    16 |       ||    16
       Plate armour      |       |       |       |       |    55 ||    55
Dodge: Dodged            |    32 |    95 |   125 |   293 |   101 ||   646
Block: Shield            |    68 |   171 |   219 |   534 |   263 ||  1255
